| TOP OF THE 1ST |
|
South Bend Cubs batting - Pitching for Dayton Dragons : RHP Jeremy Whooley
|
|
Pitching: RHP Jeremy Whooley
|
|
|
Batting: RHB Dan Orozco
|
0-0: Ball 1-0: Called Strike 1-1: Called Strike 1-2: Strikes out swinging
|
|
Batting: RHB Adrian Cox
|
0-0: Called Strike 0-1: Swinging Strike 0-2: Strikes out looking
|
|
Batting: RHB Erik Smith
|
0-0: Ball 1-0: Foul Ball, location: 2F 1-1: Foul Ball, location: 2F 1-2: Ground out 2-3 (Groundball, 2R, EV 73.8 MPH)
|
| Top of the 1st over - 0 runs, 0 hits, 0 errors, 0 left on base; South Bend 0 - Dayton 0 |
| BOTTOM OF THE 1ST |
|
Dayton Dragons batting - Pitching for South Bend Cubs : RHP Scott Hanson
|
|
Pitching: RHP Scott Hanson
|
|
|
Batting: LHB Kelvin Jones
|
0-0: Called Strike 0-1: Ground out U3 (Groundball, 23, EV 83.8 MPH)
|
|
Batting: LHB Jeremy Robertson
|
0-0: Ball 1-0: Fly out, F8 (Flyball, 8RD, EV 108.8 MPH)
|
|
Batting: RHB Logan Johnson
|
0-0: Ball 1-0: Fly out, F9 (Flyball, 9D, EV 78.8 MPH)
|
| Bottom of the 1st over - 0 runs, 0 hits, 0 errors, 0 left on base; South Bend 0 - Dayton 0 |
| TOP OF THE 2ND |
|
South Bend Cubs batting - Pitching for Dayton Dragons : RHP Jeremy Whooley
|
|
Batting: RHB Mike Stein
|
0-0: Foul Ball, location: 2F 0-1: Fly out, F7 (Flyball, 7, EV 88.8 MPH)
|
|
Batting: RHB David Bousfield
|
0-0: Foul Ball, location: 2F 0-1: Foul Ball, location: 2F 0-2: Ground out U3 (Groundball, 34, EV 106.9 MPH)
|
|
Batting: RHB Victor Ramirez
|
0-0: Swinging Strike 0-1: Swinging Strike 0-2: Ball 1-2: Ball 2-2: Ground out 3-1 (Groundball, 34, EV 98.8 MPH)
|
| Top of the 2nd over - 0 runs, 0 hits, 0 errors, 0 left on base; South Bend 0 - Dayton 0 |
| BOTTOM OF THE 2ND |
|
Dayton Dragons batting - Pitching for South Bend Cubs : RHP Scott Hanson
|
|
Batting: LHB Chris Redhead
|
0-0: Ball 1-0: Foul Ball, location: 2F 1-1: Ball 2-1: Ground out 5-3 (Groundball, 5, EV 106.2 MPH)
|
|
Batting: SHB Jaivata Mohanty
|
0-0: Ball 1-0: Called Strike 1-1: Swinging Strike 1-2: Ball 2-2: Foul Ball, location: 2F 2-2: Reached on error, E3 (Groundball, 34, EV 88.1 MPH)
|
|
Batting: RHB Alex Juarez
|
0-0: Called Strike 0-1: Called Strike 0-2: SINGLE (Flyball, 78S, EV 97.5 MPH) Jaivata Mohanty to third Runner from 3rd tries for Home, SAFE, throw by LF to home
|
|
Batting: RHB Juan Zamora
|
0-0: Fly out, F7 (Flyball, 7LM, EV 91.9 MPH)
|
|
Batting: RHB Gabriel Arias
|
0-0: DOUBLE (Line Drive, 3D, EV 98.8 MPH) Alex Juarez to third
|
|
Batting: RHB Toki Takeuchi
|
0-0: Fly out, F4 (Popup, 4, EV 61.9 MPH)
|
| Bottom of the 2nd over - 1 run, 2 hits, 1 error, 2 left on base; South Bend 0 - Dayton 1 |
| TOP OF THE 3RD |
|
South Bend Cubs batting - Pitching for Dayton Dragons : RHP Jeremy Whooley
|
|
Batting: RHB Josh Burns
|
0-0: Ball 1-0: Called Strike 1-1: Ground out 6-3 (Groundball, 6, EV 82.5 MPH)
|
|
Batting: RHB Ryan Bush
|
0-0: Called Strike 0-1: Swinging Strike 0-2: Strikes out looking
|
|
Batting: RHB Dave de Wolff
|
0-0: Ball 1-0: Ball 2-0: Swinging Strike 2-1: Fly out, F8 (Flyball, 89M, EV 81.2 MPH)
|
| Top of the 3rd over - 0 runs, 0 hits, 0 errors, 0 left on base; South Bend 0 - Dayton 1 |
| BOTTOM OF THE 3RD |
|
Dayton Dragons batting - Pitching for South Bend Cubs : RHP Scott Hanson
|
|
Batting: LHB Kelvin Jones
|
0-0: Ground out 3-1 (Groundball, 34, EV 86.9 MPH)
|
|
Batting: LHB Jeremy Robertson
|
0-0: Swinging Strike 0-1: Foul Ball, location: 2F 0-2: Strikes out swinging
|
|
Batting: RHB Logan Johnson
|
0-0: Ball 1-0: Ground out 6-3 (Groundball, 6MS, EV 90.6 MPH)
|
| Bottom of the 3rd over - 0 runs, 0 hits, 0 errors, 0 left on base; South Bend 0 - Dayton 1 |
| TOP OF THE 4TH |
|
South Bend Cubs batting - Pitching for Dayton Dragons : RHP Jeremy Whooley
|
|
Batting: RHB Dan Orozco
|
0-0: Ball 1-0: Called Strike 1-1: Swinging Strike 1-2: Foul Ball, location: 2F 1-2: Strikes out swinging
|
|
Batting: RHB Adrian Cox
|
0-0: Foul Ball, location: 2F 0-1: Foul Ball, location: 2F 0-2: Ball 1-2: SINGLE (Groundball, 5S, EV 65.6 MPH) (infield hit)
|
|
Batting: RHB Erik Smith
|
0-0: Ball Adrian Cox is caught stealing 2nd base 2-4 1-0: Called Strike 1-1: Fly out, F7 (Flyball, 7LM, EV 83.1 MPH)
|
| Top of the 4th over - 0 runs, 1 hit, 0 errors, 0 left on base; South Bend 0 - Dayton 1 |
| BOTTOM OF THE 4TH |
|
Dayton Dragons batting - Pitching for South Bend Cubs : RHP Scott Hanson
|
|
Batting: LHB Chris Redhead
|
0-0: Reached on error, E4 (Groundball, 4, EV 85.0 MPH)
|
|
Batting: SHB Jaivata Mohanty
|
0-0: Swinging Strike 0-1: Ball 1-1: Foul Ball, location: 2F 1-2: Grounds into double play, 4-6-3 (Groundball, 4, EV 83.8 MPH)
|
|
Batting: RHB Alex Juarez
|
0-0: Called Strike 0-1: Ball 1-1: Swinging Strike 1-2: Strikes out looking
|
| Bottom of the 4th over - 0 runs, 0 hits, 1 error, 0 left on base; South Bend 0 - Dayton 1 |
| TOP OF THE 5TH |
|
South Bend Cubs batting - Pitching for Dayton Dragons : RHP Jeremy Whooley
|
|
Batting: RHB Mike Stein
|
0-0: Called Strike 0-1: Ball 1-1: Swinging Strike 1-2: Foul Ball, location: 2F 1-2: Strikes out looking
|
|
Batting: RHB David Bousfield
|
0-0: Called Strike 0-1: Fly out, F7 (Flyball, 7LSF, EV 90.0 MPH)
|
|
Batting: RHB Victor Ramirez
|
0-0: Swinging Strike 0-1: Ground out 6-3 (Groundball, 6, EV 89.4 MPH)
|
| Top of the 5th over - 0 runs, 0 hits, 0 errors, 0 left on base; South Bend 0 - Dayton 1 |
| BOTTOM OF THE 5TH |
|
Dayton Dragons batting - Pitching for South Bend Cubs : RHP Scott Hanson
|
|
Batting: RHB Juan Zamora
|
0-0: Ball 1-0: Reached on error, E5 (Groundball, 56S, EV 91.9 MPH)
|
|
Batting: RHB Gabriel Arias
|
0-0: Ball 1-0: Foul Ball, location: 2F 1-1: Called Strike 1-2: Grounds into double play, 3-6-3 (Groundball, 3, EV 99.4 MPH)
|
|
Batting: RHB Toki Takeuchi
|
0-0: Ball 1-0: Foul Ball, location: 2F 1-1: Ball 2-1: Foul Ball, location: 2F 2-2: Strikes out swinging
|
| Bottom of the 5th over - 0 runs, 0 hits, 1 error, 0 left on base; South Bend 0 - Dayton 1 |
| TOP OF THE 6TH |
|
South Bend Cubs batting - Pitching for Dayton Dragons : RHP Jeremy Whooley
|
|
Batting: RHB Josh Burns
|
0-0: Ball 1-0: Ball 2-0: Ball 3-0: Base on Balls
|
|
Batting: RHB Ryan Bush
|
0-0: Called Strike 0-1: Foul Ball, location: 2F 0-2: Ball 1-2: Grounds into double play, 4-6-3 (Groundball, 4, EV 82.5 MPH)
|
|
Batting: RHB Dave de Wolff
|
0-0: Ball 1-0: Fly out, F8 (Flyball, 8LM, EV 90.6 MPH)
|
| Top of the 6th over - 0 runs, 0 hits, 0 errors, 0 left on base; South Bend 0 - Dayton 1 |
| BOTTOM OF THE 6TH |
|
Dayton Dragons batting - Pitching for South Bend Cubs : RHP Scott Hanson
|
|
Batting: LHB Kelvin Jones
|
0-0: Ball 1-0: Foul Ball, location: 2F 1-1: Called Strike 1-2: Strikes out looking
|
|
Batting: LHB Jeremy Robertson
|
0-0: Ball 1-0: Ground out U3 (Groundball, 34, EV 108.1 MPH)
|
|
Batting: RHB Logan Johnson
|
0-0: Ball 1-0: Foul Ball, location: 2F 1-1: Swinging Strike 1-2: Ball 2-2: Strikes out swinging
|
| Bottom of the 6th over - 0 runs, 0 hits, 0 errors, 0 left on base; South Bend 0 - Dayton 1 |
| TOP OF THE 7TH |
|
South Bend Cubs batting - Pitching for Dayton Dragons : RHP Jeremy Whooley
|
|
Batting: RHB Dan Orozco
|
0-0: Foul Ball, location: 2F 0-1: Ball 1-1: Foul Ball, location: 2F 1-2: Hit by Pitch
|
|
Batting: RHB Adrian Cox
|
0-0: Ball 1-0: Bunted foul 1-1: Sac Bunt to 13 - play at first, batter OUT! 1-3 Dan Orozco to second
|
|
Batting: RHB Erik Smith
|
0-0: Foul Ball, location: 2F 0-1: Ball 1-1: Foul Ball, location: 2F 1-2: Foul Ball, location: 2F 1-2: Strikes out looking
|
|
Batting: RHB Mike Stein
|
0-0: Ball 1-0: Ball 2-0: Foul Ball, location: 2F 2-1: Swinging Strike 2-2: Strikes out swinging
|
| Top of the 7th over - 0 runs, 0 hits, 0 errors, 1 left on base; South Bend 0 - Dayton 1 |
| BOTTOM OF THE 7TH |
|
Dayton Dragons batting - Pitching for South Bend Cubs : RHP Scott Hanson
|
|
Batting: LHB Chris Redhead
|
0-0: Ball 1-0: Ball 2-0: Foul Ball, location: 2F 2-1: Called Strike 2-2: Ball 3-2: Base on Balls
|
|
Batting: SHB Jaivata Mohanty
|
0-0: Called Strike 0-1: Foul Ball, location: 2F 0-2: Foul Ball, location: 2F 0-2: Ball 1-2: Ball 2-2: Foul Ball, location: 2F 2-2: Ball 3-2: Foul Ball, location: 2F 3-2: Foul Ball, location: 2F 3-2: DOUBLE (Line Drive, 89XD, EV 106.9 MPH) Chris Redhead to third
|
|
Batting: RHB Alex Juarez
|
0-0: Ball 1-0: Ball 2-0: Ball 3-0: Base on Balls
|
|
Batting: RHB Juan Zamora
|
0-0: Ball 1-0: Foul Ball, location: 2F 1-1: Grounds into fielders choice 4-2 (Groundball, 4S, EV 83.8 MPH) Jaivata Mohanty to third Alex Juarez to second
|
|
Pitching: RHP Steve Vint
|
|
|
Batting: RHB Gabriel Arias
|
0-0: Ball 1-0: Ball 2-0: Ball 3-0: Called Strike 3-1: Called Strike 3-2: Fly out, F9 (Flyball, 9, EV 83.1 MPH)
|
|
Batting: RHB Toki Takeuchi
|
0-0: Ball 1-0: Called Strike 1-1: Ball 2-1: Foul Ball, location: 2F 2-2: Strikes out swinging
|
| Bottom of the 7th over - 0 runs, 1 hit, 0 errors, 3 left on base; South Bend 0 - Dayton 1 |
| TOP OF THE 8TH |
|
South Bend Cubs batting - Pitching for Dayton Dragons : RHP Jeremy Whooley
|
|
Now at 3B: Nick Cottrell
|
|
|
Batting: RHB David Bousfield
|
0-0: Called Strike 0-1: Called Strike 0-2: Strikes out swinging
|
|
Pitching: LHP Juan Villegas
|
|
|
Batting: RHB Victor Ramirez
|
0-0: Foul Ball, location: 2F 0-1: Swinging Strike 0-2: Foul Ball, location: 2F 0-2: Foul Ball, location: 2F 0-2: SINGLE (Line Drive, 5D, EV 108.1 MPH)
|
|
Batting: RHB Josh Burns
|
0-0: Ball 1-0: Called Strike 1-1: Called Strike 1-2: Strikes out swinging
|
|
Batting: RHB Ryan Bush
|
0-0: Foul Ball, location: 2F 0-1: Called Strike 0-2: Foul Ball, location: 2F 0-2: Strikes out swinging
|
| Top of the 8th over - 0 runs, 1 hit, 0 errors, 1 left on base; South Bend 0 - Dayton 1 |
| BOTTOM OF THE 8TH |
|
Dayton Dragons batting - Pitching for South Bend Cubs : RHP Steve Vint
|
|
Batting: LHB Kelvin Jones
|
0-0: Ball 1-0: DOUBLE (Groundball, 5L, EV 101.2 MPH)
|
|
Batting: LHB Jeremy Robertson
|
0-0: Ball 1-0: Ball 2-0: Ball 3-0: Called Strike 3-1: Called Strike 3-2: Strikes out swinging
|
|
Batting: RHB Logan Johnson
|
0-0: Swinging Strike 0-1: SINGLE (Groundball, 6MD, EV 106.9 MPH) Kelvin Jones to third Runner from 3rd tries for Home, SAFE, throw by CF to home
|
|
Batting: LHB Chris Redhead
|
0-0: Foul Ball, location: 2F 0-1: Foul Ball, location: 2F 0-2: Strikes out swinging
|
|
Batting: SHB Jaivata Mohanty
|
0-0: Called Strike 0-1: Ball 1-1: Called Strike 1-2: Ball 2-2: Ball 3-2: Base on Balls Logan Johnson to second
|
|
Batting: RHB Nick Cottrell
|
0-0: Called Strike 0-1: DOUBLE (Flyball, 8LXD, EV 114.4 MPH) Logan Johnson scores Jaivata Mohanty to third Runner from 3rd tries for Home, SAFE, no throw by CF
|
|
Pitching: RHP Melvin Orengo
|
|
|
Batting: RHB Juan Zamora
|
0-0: Ball 1-0: DOUBLE (Line Drive, 3D, EV 105.6 MPH) Nick Cottrell scores
|
|
Batting: RHB Gabriel Arias
|
0-0: Swinging Strike 0-1: Ball 1-1: Ball 2-1: Called Strike 2-2: Fly out, F3 (Line Drive, 3, EV 74.4 MPH)
|
| Bottom of the 8th over - 4 runs, 4 hits, 0 errors, 1 left on base; South Bend 0 - Dayton 5 |
| TOP OF THE 9TH |
|
South Bend Cubs batting - Pitching for Dayton Dragons : LHP Juan Villegas
|
|
Batting: RHB Dave de Wolff
|
0-0: Ball 1-0: Ball 2-0: Called Strike 2-1: Foul Ball, location: 2F 2-2: Fly out, F7 (Flyball, 78S, EV 84.4 MPH)
|
|
Batting: RHB Dan Orozco
|
0-0: Ball 1-0: Ball 2-0: Fly out, F9 (Flyball, 9, EV 84.4 MPH)
|
|
Batting: RHB Adrian Cox
|
0-0: Ball 1-0: Ball 2-0: Ball 3-0: Base on Balls
|
|
Batting: RHB Erik Smith
|
0-0: Ball 1-0: Called Strike 1-1: Ball 2-1: Ball 3-1: Foul Ball, location: 2F 3-2: Foul Ball, location: 2F 3-2: Ground out 6-3 (Groundball, 6, EV 79.4 MPH)
|
| Top of the 9th over - 0 runs, 0 hits, 0 errors, 1 left on base; South Bend 0 - Dayton 5 |
|